 Dungeon Crawl Stone Soup version 0.28-a0-687-gb91baff9cc (webtiles) character file.

Game seed: 7040093025472578444

110 pokeman the Magician (level 4, 0/25 HPs)
             Began as a Deep Elf Hedge Wizard on Oct 19, 2021.
             Slain by a quokka (3 damage)
             ... on level 3 of the Dungeon.
             The game lasted 00:04:02 (2374 turns).

pokeman the Magician (Deep Elf Hedge Wizard)        Turns: 2374, Time: 00:04:02

Health: 0/25       AC:  6    Str:  7    XL:     4   Next: 61%
Magic:  0/13       EV: 12    Int: 20    God:
Gold:   53         SH:  0    Dex: 14    Spells: 3/14 levels left

rFire   . . .      SeeInvis .   i - +0 whip (vamp)
rCold   . . .      Faith    .   (no shield)
rNeg    . . .      Spirit   .   b - +0 robe
rPois   .          Reflect  .   c - +0 hat
rElec   .          Harm     .   (no cloak)
rCorr   .          Rampage  .   (no gloves)
Will    .....                   (no boots)
Stlth   ++........              (no amulet)
HPRegen 0.08/turn               g - +4 ring of protection
MPRegen 0.13/turn               (no ring)

@: no status effects
A: no striking features
a: no special abilities


You were on level 3 of the Dungeon.
You visited 1 branch of the dungeon, and saw 3 of its levels.

You collected 53 gold pieces.

Inventory:

Hand Weapons
 i - a +0 vampiric whip (weapon)
Armour
 b - a +0 robe (worn)
 c - a +0 hat (worn)
Jewellery
 g - a +4 ring of protection (left hand)
 h - an amulet of guardian spirit
Scrolls
 f - 2 scrolls of enchant weapon {unknown}
 k - a scroll of acquirement {unknown}
 l - 2 scrolls of identify {unknown}
 m - a scroll of teleportation {unknown}
Potions
 a - 2 potions of curing {unknown}
 d - a potion of haste {unknown}
 e - 2 potions of berserk rage {unknown}
 j - a potion of mutation {unknown}
 n - a potion of resistance {unknown}
 o - a potion of flight {unknown}


   Skills:
 - Level 1.0 Fighting
 - Level 1.0 Armour
 + Level 2.8 Dodging
 - Level 2.4 Stealth
 * Level 5.7 Spellcasting
 + Level 2.3 Conjurations
 - Level 1.1 Summonings
 - Level 1.1 Translocations
 - Level 1.0 Fire Magic
 + Level 0.1 Air Magic


You had 3 spell levels left.
You knew the following spells:

 Your Spells              Type           Power      Damage    Failure   Level
a - Magic Dart            Conj           60%        1d6       4%          1
b - Mephitic Cloud        Conj/Pois/Air  9%         N/A       22%         3
c - Call Imp              Summ           10%        N/A       11%         2
d - Blink                 Tloc           N/A        N/A       11%         2
e - Conjure Flame         Conj/Fire      12%        6-21      16%         3

Your spell library contained the following spells:

 Spells                   Type           Power      Damage    Failure   Level
 Slow                     Hex            5%         N/A       16%         2


Dungeon Overview and Level Annotations

Branches:
Dungeon (3/15)

Altars:


Message History

You feel sick. The adder barely misses you.
The ball python bites you but does no damage.
The ball python barely misses you. The kobold hits you but does no damage.
The adder bites you.
* * * LOW HITPOINT WARNING * * *
You hit the adder.
You feel better.
The adder is almost dead.
You feel sick. The quokka bites you.
* * * LOW HITPOINT WARNING * * *
The ball python bites you.
* * * LOW HITPOINT WARNING * * *
The ball python grabs you. The ball python constricts you.
The kobold barely misses you. The quokka barely misses you.
You hit the kobold.
You kill the kobold!
You feel sick.
You are no longer poisoned.
The adder closely misses you. The ball python bites you.
* * * LOW HITPOINT WARNING * * *
The ball python constricts you.
* * * LOW HITPOINT WARNING * * *
The adder bites you but does no damage. The quokka barely misses you.
You escape the ball python's grasp.
Items here: $ )) [ ††.
The adder barely misses you.
Casting: Magic Dart (safe; 4% risk of failure)
Confirm with . or Enter, or press ? or * to list all spells.
Aiming: Magic Dart (safe; 4% risk of failure)
Press: ? - help, Shift-Dir - straight line, f - adder
Aim: an adder (almost dead, confused, 100% to hit)
The magic dart hits the adder.
You kill the adder!
Unknown command.
The quokka bites you but does no damage.
The quokka completely misses you.
Casting: Magic Dart (safe; 4% risk of failure)
Confirm with . or Enter, or press ? or * to list all spells.
A beastly little devil appears in a puff of frigid air.
The quokka barely misses you. The quokka bites you.
You die...

.#####.#
##.###>##
.......#
##....).#
.....#.#
###..(#####
....#.###...#.#
#.......###.#
#......## #.#
#.5...## #..
#..S..# ###
#.@r..# #.....#
#<....# #######


You could see a quokka (ally target), a ball python and a friendly white imp
(summoned).

Vanquished Creatures
  Ijyb (D:3)
  3 adders
  A worm (D:2)
  5 dart slugs
  2 bats (D:2)
  An endoplasm (D:2)
  3 giant cockroaches
  7 goblins
  4 hobgoblins (D:2)
  A quokka (D:1)
  9 ball pythons
  2 frilled lizards
  7 kobolds
  4 rats
50 creatures vanquished.

Notes
Turn   | Place    | Note
-------+----------+-------------------------------------------
     0 | D:1      | pokeman the Deep Elf Hedge Wizard began the quest for the
                  | Orb.
     0 | D:1      | Reached XP level 1. HP: 10/10 MP: 7/7
   264 | D:1      | Reached XP level 2. HP: 11/16 MP: 1/9
   477 | D:1      | Found a faded altar of an unknown god.
   846 | D:2      | Reached skill level 5 in Spellcasting
  1046 | D:2      | Reached XP level 3. HP: 13/20 MP: 2/11
  1050 | D:2      | Learned a level 3 spell: Mephitic Cloud
  1053 | D:2      | Learned a level 2 spell: Call Imp
  1056 | D:2      | Learned a level 2 spell: Blink
  1060 | D:2      | Learned a level 3 spell: Conjure Flame
  1339 | D:2      | Reached skill level 1 in Armour
  1424 | D:2      | Reached skill level 1 in Fighting
  1959 | D:2      | Reached XP level 4. HP: 25/25 MP: 9/13
  2299 | D:3      | Noticed Ijyb
  2345 | D:3      | Killed Ijyb
  2346 | D:3      | Reached skill level 1 in Fire Magic
  2374 | D:3      | Slain by a quokka

Illustrated notes

Levels and vault maps discovered:
D:1:      mrwooster_arrival_statue_3, layout_rooms,
          hellmonk_ecumenical_altar_crossroads
D:2:      layout_loops_corners, minmay_pentomino_t4
D:3:      layout_rooms, mainiacjoe_overflow_surrounded_room, uniq_ijyb,
          uniq_robin

Skill      XL: |  1  2  3  4 |
---------------+-------------+-----
Spellcasting   | 5 |  5.7
Armour         | 1 |  1.0
Fighting       | 1 |  1.0
Conjurations   | 2 |  2.3
Fire Magic     | 1 |  1.0
Dodging        | |  2.8
Stealth        | |  2.4
Summonings     | |  1.1
Translocations | |  1.1
Air Magic      | |  0.1

Action                   |  1- 3 |  4- 6 || total
-------------------------+-------+-------++-------
Melee: Dagger            |     3 |       ||     3
       Mace              |     1 |       ||     1
       Whip              |    23 |    25 ||    48
 Cast: Magic Dart        |    96 |    11 ||   107
       Mephitic Cloud    |     1 |     2 ||     3
       Conjure Flame     |       |     2 ||     2
       Call Imp          |       |     1 ||     1
 Stab: Sleeping          |     1 |     1 ||     2
       Confused          |     1 |     2 ||     3
Armor: Robe              |    14 |     8 ||    22
       Skin              |       |     5 ||     5
Dodge: Dodged            |    28 |    20 ||    48

Table legend: (Time is in decaauts)
 A = Elapsed time spent in this place.
 B = Non-inter-level travel time spent in this place.
 C = Inter-level travel time spent in this place.
 D = Time resting spent in this place.
 E = Time spent auto-exploring this place.
 F = Levels seen in this place.
 G = Mean time per level.
                   A        B        C        D        E       F      G
               +--------+--------+--------+--------+--------+-----+--------+
         Total |   2377 |   2311 |     66 |     57 |   1914 |   3 |  792.3 |
       Dungeon |   2377 |   2311 |     66 |     57 |   1914 |   3 |  792.3 |
               +--------+--------+--------+--------+--------+-----+--------+

Top non-repeatable levels by time:
     D:2: 1396 daAuts
     D:1: 836 daAuts
     D:3: 144 daAuts
